 Dungeon Crawl Stone Soup version 0.18.1-48-g4cf74bf (webtiles) character file.

1073 theElss the Conjurer (level 8, -2/46 HPs)
             Began as a High Elf Conjurer on July 15, 2016.
             Shot with an arrow by a centaur (11 damage)
             ... on level 5 of the Dungeon.
             The game lasted 00:20:17 (6520 turns).

theElss the Conjurer (High Elf Conjurer)            Turns: 6520, Time: 00:20:17

Health: -2/46      AC:  4    Str:  8    XL:     8   Next: 7%
Magic:  13/18      EV: 14    Int: 19    God:
Gold:   230        SH:  5    Dex: 17    Spells: 4 memorised, 7 levels left

rFire  . . .     SeeInvis .     l - +0 mace
rCold  . . .     Gourm    .     a - +0 robe
rNeg   . . .     Faith    .     n - +0 buckler
rPois  +         Spirit   .     k - +0 helmet
rElec  .         Dismiss  .     J - -1 cloak (curse)
rCorr  .         Reflect  .     (no gloves)
SustAt .         Harm     .     o - +0 pair of boots
MR     .....                    (no amulet)
Stlth  ++........               s - ring of poison resistance
                                t - ring of wizardry

@: not resistant to hostile enchantments, unstealthy
A: no striking features
a: no special abilities


You were on level 5 of the Dungeon.
You were hungry.

You visited 1 branch of the dungeon, and saw 5 of its levels.
You also visited: Ossuary.

You collected 230 gold pieces.

Inventory:

Hand Weapons
 l - a +0 mace (weapon)
Armour
 a - a +0 robe (worn)
 g - a +0 leather armour
 k - a +0 helmet (worn)
 n - a +0 buckler (worn)
 o - a +0 pair of boots (worn)
 J - a cursed -1 cloak (worn)
Jewellery
 j - an uncursed ring of see invisible
 s - a ring of poison resistance (right hand)
 t - a ring of wizardry (left hand)
 w - an uncursed ring of wizardry
 I - an uncursed ring of flight {unknown}
Wands
 x - a wand of iceblast (6/15)
 y - a wand of flame (30/48)
Scrolls
 e - a scroll of identify {unknown}
 f - a scroll of random uselessness {unknown}
 h - a scroll of fog {unknown}
 m - 2 scrolls of enchant armour {unknown}
 r - 2 scrolls of recharging {unknown}
 v - a scroll of amnesia {unknown}
 C - a scroll of teleportation {unknown}
 E - a scroll of immolation {unknown}
 F - a scroll of fear {unknown}
 H - a scroll of blinking {unknown}
Potions
 d - 2 potions of lignification {unknown}
 p - a potion of might {unknown}
 q - 2 potions of mutation {unknown}
 u - a potion of resistance {unknown}
 z - 2 potions of brilliance {unknown}
 A - a potion of haste {unknown}
 B - 2 potions of curing {unknown}
 G - a potion of degeneration {unknown}
Books
 b - a book of Conjurations

   Spells                             Type                      Level
   a - Magic Dart                     Conjuration                  1
   b - Searing Ray                    Conjuration                  2
   c - Dazzling Spray                 Conjuration/Hexes            3
   d - Fulminant Prism                Conjuration/Hexes            4
   e - Iskenderun's Mystic Blast      Conjuration                  4
   f - Iskenderun's Battlesphere      Conjuration/Charms           5
Comestibles
 c - 2 bread rations
 i - 2 meat rations


   Skills:
 + Level 4.4 Dodging
 - Level 2.1 Stealth
 * Level 3.3 Shields
 + Level 6.0 Spellcasting
 + Level 7.8 Conjurations


You had 7 spell levels left.
You knew the following spells:

 Your Spells              Type           Power        Failure   Level  Hunger
a - Magic Dart            Conj           ####         1%          1    None
b - Iskenderun's Battles  Conj/Chrm      ###.....     45%         5    #####..
c - Searing Ray           Conj           #####.       1%          2    None
d - Iskenderun's Mystic   Conj           #####...     2%          4    ####...


Dungeon Overview and Level Annotations

Branches:
Dungeon (5/15)
 Temple: D:4-7

Altars:
Fedhas
Gozag
Nemelex Xobeh
Okawaru
Ru
Trog

Annotations:
D:4 Sigmund


Message History

The arrow misses you.
The centaur shoots an arrow.
The arrow hits you!
The centaur shoots an arrow.
The arrow hits you!
You see here an arrow.
Casting: Magic Dart
Confirm with . or Enter, or press ? or * to list all spells.
Aiming: Searing Ray
Press: ? - help, Shift-Dir - straight line, f/p - centaur
Aim: a centaur, wielding a shortbow (moderately wounded)
The searing ray misses the centaur.
The centaur shoots an arrow.
The arrow hits you!
An adder comes into view.
The searing ray misses the centaur.
The centaur shoots an arrow.
You block the arrow.
The searing ray hits the centaur.
The centaur is heavily wounded.
The centaur shoots an arrow.
The arrow hits you!
* * * LOW HITPOINT WARNING * * *
The centaur shoots an arrow.
The arrow hits you!
You die...

#.....' #.....# ..
#.....#...
#.....#... #....c'.
#.....# #...S.# ..
#.####
#.@...#...####.##..
#.....#.........#..
#.....'... .....#..
#(....##### #..##..
#.....#...###..###+
#.....#............
#.....#............
#.....#'#########..
#.....#..########..


You could see a centaur and an adder.

Vanquished Creatures
  Pikel (D:4)
  Duvessa (D:4)
  A slave (D:5)
  An ogre (D:4)
  Dowan (D:4)
  A scorpion (D:5)
  3 orc wizards
  Terence (D:2)
  A worker ant (D:4)
  7 adders
  An ooze (D:3)
  3 worms
  A dart slug (D:1)
  7 giant geckos
  7 orcs
  2 ball pythons
  4 bats
  4 giant cockroaches
  9 goblins
  13 hobgoblins
  8 jackals
  7 kobolds
  A quokka (D:2)
  4 giant newts (D:1)
  10 rats
99 creatures vanquished.

Notes
Turn   | Place    | Note
--------------------------------------------------------------
     0 | D:1      | theElss the High Elf Conjurer began the quest for the Orb.
     0 | D:1      | Reached XP level 1. HP: 11/11 MP: 4/4
   358 | D:1      | Reached XP level 2. HP: 17/17 MP: 0/6
   362 | D:1      | Learned a level 2 spell: Searing Ray
   505 | D:1      | Reached skill level 5 in Conjurations
  1595 | D:2      | Reached XP level 3. HP: 21/21 MP: 3/7
  1790 | D:2      | Noticed Terence
  2341 | D:2      | Reached XP level 4. HP: 27/27 MP: 9/9
  2653 | D:2      | Reached skill level 6 in Conjurations
  2820 | D:2      | Found a bloodstained altar of Trog.
  2938 | D:2      | Killed Terence
  3287 | D:3      | Reached skill level 1 in Shields
  3287 | D:3      | Reached XP level 5. HP: 8/31 MP: 2/11
  3575 | D:3      | Learned a level 4 spell: Iskenderun's Mystic Blast
  4442 | D:3      | Found an iron altar of Okawaru.
  4721 | D:4      | Noticed Duvessa
  4738 | D:4      | Killed Duvessa
  4738 | D:4      | Reached XP level 6. HP: 36/36 MP: 3/13
  4751 | D:4      | Noticed Dowan
  5297 | D:4      | Killed Dowan
  5381 | D:4      | Found a sacrificial altar of Ru.
  5559 | D:4      | Reached skill level 7 in Conjurations
  5559 | D:4      | Reached XP level 7. HP: 41/41 MP: 1/15
  5698 | D:4      | Found a blossoming altar of Fedhas.
  5771 | D:4      | Noticed Sigmund
  5822 | D:5      | Entered Level 5 of the Dungeon
  5846 | D:5      | Noticed Pikel
  5889 | D:4      | Killed Pikel
  5889 | D:4      | Reached skill level 5 in Spellcasting
  6150 | D:4      | Reached XP level 8. HP: 46/46 MP: 14/17
  6163 | D:4      | Learned a level 5 spell: Iskenderun's Battlesphere
  6218 | D:4      | Found an opulent altar of Gozag.
  6219 | D:4      | Found a sparkling altar of Nemelex Xobeh.
  6364 | D:5      | Found a sand-covered staircase.
  6369 | Ossuary  | Entered an ossuary
  6520 | D:5      | Shot with an arrow by a centaur

Skill      XL: |  1  2  3  4  5  6  7  8 |
---------------+-------------------------+-----
Conjurations   | 5 6 7 |  7.8
Spellcasting   | 3 4 5 6 |  6.0
Shields        | 1 2 3 |  3.3
Dodging        | 3 4 |  4.4
Stealth        | |  2.1

Action                   |  1- 3 |  4- 6 |  7- 9 || total
-------------------------+-------+-------+-------++-------
Melee: Unarmed           |     8 |       |       ||     8
       Mace              |     1 |    18 |     4 ||    23
 Cast: Magic Dart        |    66 |    72 |    13 ||   151
       Searing Ray       |     4 |    15 |     5 ||    24
       Iskenderun's Myst |       |    11 |     4 ||    15
  Eat: Chunk             |     5 |     8 |     2 ||    15
       Meat ration       |       |     1 |       ||     1
Armor: Leather armour    |     2 |       |       ||     2
       Robe              |     2 |     9 |     8 ||    19
Dodge: Dodged            |     6 |    25 |    25 ||    56
Block: Buckler           |     1 |     5 |     7 ||    13
